 Dungeon Crawl Stone Soup version 0.22.1-1-ga44c0e5 (webtiles) character file.

12256 Folque the Geomancer (level 11, -17/92 HPs)
             Began as a Grey Draconian Earth Elementalist on Oct 19, 2018.
             Killed from afar by a frost giant (42 damage)
             ... with a bolt of cold
             ... on level 10 of the Dungeon.
             The game lasted 00:46:35 (13970 turns).

Folque the Geomancer (DrEE)                        Turns: 13970, Time: 00:46:36

Health: -17/92     AC: 13    Str: 10    XL:     11   Next: 60%
Magic:  3/24       EV: 13    Int: 19    God:
Gold:   468        SH:  0    Dex: 12    Spells: 6/28 levels left

rFire    . . .     SeeInvis +   N - +0 demon trident (elec)
rCold    . . .     Gourm    .   (no shield)
rNeg     . . .     Faith    .   (armour unavailable)
rPois    .         Spirit   .   g - +1 hat
rElec    .         Reflect  .   (no cloak)
rCorr    .         Harm     .   (no gloves)
MR       .....                  (no boots)
Stlth    ++........             (no amulet)
HPRegen  0.25/turn              v - ring of see invisible
MPRegen  0.19/turn              (no ring)

@: very slightly contaminated
A: walk through water, unfitting armour, unbreathing, cold-blooded, AC +12
a: no special abilities


You were on level 10 of the Dungeon.
You were hungry.

You visited 3 branches of the dungeon, and saw 14 of its levels.
You also visited: Sewer.

You collected 468 gold pieces.

Inventory:

Hand Weapons
 d - a +0 dagger of venom
 l - a +0 dagger of draining
 p - a +4 vampiric dagger
 r - a +5 quarterstaff of chaos
 E - a +0 blowgun
 N - a +0 demon trident of electrocution (weapon)
Missiles
 b - 425 stones (quivered)
 e - 100 poisoned needles
Armour
 g - a +1 hat (worn)
 s - a +2 cloak of invisibility
Jewellery
 v - a ring of see invisible (left hand)
 H - a cursed ring of attention {unknown}
Wands
 a - a wand of disintegration (23)
 n - a wand of random effects (39)
 G - a wand of acid (12)
 J - a wand of iceblast (9)
Scrolls
 f - a scroll of blinking {unknown}
 h - a scroll of teleportation
 i - 7 scrolls of magic mapping
 j - 2 scrolls of remove curse
 m - 9 scrolls of identify
 o - 2 scrolls of enchant armour
 y - 5 scrolls of fog
 z - 2 scrolls of amnesia {unknown}
 K - a scroll of silence {unknown}
 M - a scroll of noise {unknown}
 O - a scroll of holy word {unknown}
 P - a scroll of enchant weapon
Potions
 k - 5 potions of might
 q - 11 potions of curing
 t - 3 potions of brilliance {unknown}
 u - 3 potions of cancellation {unknown}
 w - a potion of degeneration {unknown}
 x - 2 potions of resistance {unknown}
 A - 2 potions of invisibility {unknown}
 B - a potion of haste {unknown}
 C - 2 potions of heal wounds
 D - 3 potions of flight {unknown}
 F - a potion of berserk rage {unknown}
 I - 2 potions of magic {unknown}
 L - a potion of ambrosia {unknown}
Comestibles
 c - 11 rations


   Skills:
 - Level 7.2 Fighting
 + Level 2.6 Polearms
 - Level 3.0 Dodging
 - Level 1.7 Stealth
 - Level 9.0 Spellcasting
 - Level 9.1 Conjurations
 + Level 2.2 Translocations
 - Level 3.1 Transmutations
 * Level 12.2 Earth Magic


You had 6 spell levels left.
You knew the following spells:

 Your Spells              Type           Power        Failure   Level  Hunger
a - Sandblast             Erth           ######       1%          1    None
b - Passwall              Tmut/Erth      #####...     1%          2    None
c - Stone Arrow           Conj/Erth      #####.       1%          3    None
d - Lee's Rapid Deconstr  Erth           ######....   1%          5    #####..
e - Petrify               Tmut/Erth      #####...     3%          4    ###....
f - Force Lance           Conj/Tloc      ####....     8%          4    ###....
g - Dazzling Spray        Conj/Hex       ####..       3%          3    None

Your spell library contained the following spells:

 Spells                   Type           Power        Failure   Level  Hunger
 Magic Dart               Conj           ####         1%          1    None
 Searing Ray              Conj           #####.       1%          2    None
 Iskenderun's Mystic Bla  Conj           #####...     1%          4    ###....
 Fulminant Prism          Conj/Hex       ####......   13%         4    ###....


Dungeon Overview and Level Annotations

Branches:
Dungeon (10/15)            Temple (1/1) D:4            Lair (3/6) D:10
 Shoals (0/4) Lair:3          Orc (0/2) D:9
  Snake: Lair:2-4    Spider: Lair:2-4

Altars:
Ashenzari
Cheibriados
Elyvilon
Fedhas
Gozag
Hepliaklqana
Kikubaaqudgha
Makhleb
Nemelex Xobeh
Okawaru
Qazlal
Ru
Trog
Uskayaw
Vehumet
Wu Jian
Xom
Yredelemnul
Zin
The Shining One
Beogh

Shops:
D:5 *   D:7 [   D:10 !

Annotations:
D:8 Maurice
Lair:1 exclusion: oklob plant
Lair:2 exclusion: orange crystal statue


Innate Abilities, Weirdness & Mutations

You can walk through water.
Your dull iron-grey scales are very hard. (AC +12)
You cannot fit into any form of body armour.
You can survive without breathing.
You are cold-blooded and may be slowed by cold attacks.


Message History

Press: ? - help, Shift-Dir - straight line, f/p - frost giant
Aim: a frost giant, wielding a battleaxe of freezing (freezing vapour, heavily You miscast Force Lance.
You are very lightly contaminated with residual magic.
You catch a glimpse of the back of your own head.
The frost giant is engulfed in freezing vapours.
The frost giant hits you with a battleaxe of freezing!!
* * * LOW HITPOINT WARNING * * *
You feel yourself slow down. The frost giant freezes you.
* * * LOW HITPOINT WARNING * * *
You feel much better.
The frost giant hits you with a battleaxe of freezing!
* * * LOW HITPOINT WARNING * * *
The frost giant freezes you.
* * * LOW HITPOINT WARNING * * *
You feel much better.
You feel yourself speed up.
The frost giant points at you and mumbles some strange words.
The bolt of cold hits you!
You die...

### #.## ##@##
###C≈# ##
#≈≈#≈≈≈≈# ≈##
#≈≈≈≈≈## ##≈≈#
##≈≈≈≈≈###≈≈≈#
...≈≈≈#≈≈≈≈≈≈≈≈#
[..#≈≈#≈≈≈≈≈####
#...###≈##≈≈###
#≈≈≈ #≈#####


You could see a frost giant.

Vanquished Creatures
  A manticore (D:10)
  A black mamba (Lair:1)
  Joseph (D:7)
  An ice statue (D:10)
  2 spiny frogs (Lair:1)
  2 komodo dragons
  2 trolls (D:10)
  3 hippogriffs
  15 yaks
  A wyvern (D:9)
  A basilisk (Lair:2)
  A water moccasin (Lair:2)
  3 porcupines
  18 ice beasts
  3 orc warriors (D:9)
  A sky beast (D:9)
  An eye of draining (D:9)
  3 phantoms
  2 ogres (D:6)
  2 centaurs
  2 big kobolds (D:9)
  5 crocodiles
  5 bullfrogs
  3 scorpions
  A water moccasin skeleton (D:9)
  4 killer bees
  8 electric eels (D:10)
  2 howler monkeys (D:9)
  7 crimson imps
  A bullfrog zombie (D:5)
  Crazy Yiuf (D:3)
  5 orc priests
  3 bullfrog skeletons
  5 hounds
  3 jellies
  Ijyb (D:3)
  4 iguanas
  5 worker ants
  10 orc wizards
  2 hound skeletons
  Robin (D:2)
  6 gnolls
  15 adders
  6 river rats (Sewer)
  4 shadow imps
  3 oozes (D:1)
  An adder zombie (D:7)
  2 adder skeletons
  A worm (D:3)
  A dart slug (D:1)
  2 leopard geckos
  28 orcs
  5 ball pythons (Sewer)
  10 giant cockroaches
  14 goblins
  7 hobgoblins
  7 jackals
  33 kobolds
  11 quokkas
  9 bats
  7 frilled lizards
  A leopard gecko zombie (D:5)
  25 rats
340 creatures vanquished.

Vanquished Creatures (others)
  5 dream sheep (Lair:2)
  A plant (Lair:1)
6 creatures vanquished.

Grand Total: 346 creatures vanquished

Notes
Turn   | Place    | Note
-------+----------+-------------------------------------------
     0 | D:1      | Folque the Draconian Earth Elementalist began the quest for
                  | the Orb.
     0 | D:1      | Reached XP level 1. HP: 14/14 MP: 3/3
    64 | D:1      | Reached skill level 1 in Fighting
   178 | D:1      | Reached XP level 2. HP: 19/23 MP: 3/5
   381 | D:1      | Learned a level 2 spell: Passwall
   474 | D:1      | Reached XP level 3. HP: 29/29 MP: 6/6
   835 | D:1      | Learned a level 3 spell: Stone Arrow
  1082 | D:2      | Found a bloodstained altar of Trog.
  1116 | D:2      | Reached XP level 4. HP: 23/36 MP: 1/8
  1321 | D:2      | Reached skill level 4 in Earth Magic
  1334 | D:2      | Reached skill level 1 in Conjurations
  1582 | D:2      | Found a burning altar of Makhleb.
  1588 | D:2      | Reached XP level 5. HP: 39/41 MP: 6/10
  1773 | D:3      | Noticed Ijyb
  1801 | D:3      | Killed Ijyb
  1938 | D:3      | Noticed Robin
  1982 | D:2      | Killed Robin
  2214 | D:3      | Learned a level 5 spell: Lee's Rapid Deconstruction
  2710 | D:3      | Reached XP level 6. HP: 48/48 MP: 5/12
  2711 | D:3      | Reached skill level 5 in Earth Magic
  2862 | D:3      | Found a runed door.
  3008 | D:3      | Noticed Crazy Yiuf
  3018 | D:3      | Killed Crazy Yiuf
  3533 | D:4      | Found a staircase to the Ecumenical Temple.
  3539 | Temple   | Entered the Ecumenical Temple
  3858 | D:4      | Found a blossoming altar of Fedhas.
  3968 | D:4      | Reached skill level 6 in Earth Magic
  3968 | D:4      | Your scales start taking on a dull iron-grey colour.
  3968 | D:4      | Reached skill level 7 in Earth Magic
  3968 | D:4      | Reached XP level 7. HP: 55/55 MP: 6/13
  3968 | D:4      | Gained mutation: You can survive without breathing. [Grey
                  | Draconian growth]
  4491 | D:5      | Entered Level 5 of the Dungeon
  4698 | D:5      | Reached skill level 8 in Earth Magic
  4777 | D:5      | Found a glowing drain.
  4831 | D:5      | Reached XP level 8. HP: 55/63 MP: 0/14
  4939 | Sewer    | Entered a sewer
  4986 | Sewer    | Reached skill level 9 in Earth Magic
  5625 | D:5      | Found a shattered altar of Ashenzari.
  5640 | D:5      | Learned a level 4 spell: Petrify
  5662 | D:5      | Found Waeriasm's General Store.
  6006 | D:5      | Found a stormy altar of Qazlal.
  6169 | D:6      | Found a hazy altar of Hepliaklqana.
  6243 | D:6      | Found a sacrificial altar of Ru.
  6274 | D:6      | Found a glowing silver altar of Zin.
  6465 | D:6      | Reached skill level 10 in Earth Magic
  6560 | D:6      | Reached skill level 5 in Conjurations
  6697 | D:7      | Reached XP level 9. HP: 72/72 MP: 10/15
  6832 | D:7      | Found Xilonue's Antique Armour Emporium.
  6856 | D:7      | Found a snail-covered altar of Cheibriados.
  6981 | D:7      | Reached skill level 5 in Fighting
  7008 | D:7      | Noticed Joseph
  7032 | D:7      | Killed Joseph
  7655 | D:8      | Noticed a two-headed ogre
  7713 | D:8      | Found an ancient bone altar of Kikubaaqudgha.
  7718 | D:8      | Noticed Maurice
  8186 | D:9      | Reached skill level 11 in Earth Magic
  8409 | D:9      | Found a staircase to the Orcish Mines.
  8418 | D:9      | Found a roughly hewn altar of Beogh.
  8420 | D:9      | Reached skill level 5 in Spellcasting
  9029 | D:9      | Reached XP level 10. HP: 79/81 MP: 10/18
  9200 | D:9      | Found a shimmering altar of Xom.
  9621 | D:10     | Entered Level 10 of the Dungeon
  9653 | D:10     | Noticed a manticore
  9668 | D:10     | Killed a manticore
  9873 | D:10     | Found a staircase to the Lair.
  9877 | D:10     | Found Ajulaen's Distillery.
  9881 | Lair:1   | Entered Level 1 of the Lair of Beasts
 10227 | Lair:1   | Noticed a spiny frog
 10236 | Lair:1   | Killed a spiny frog
 10421 | Lair:1   | Noticed an oklob plant
 10479 | Lair:1   | Noticed a spiny frog
 10485 | Lair:1   | Killed a spiny frog
 10936 | Lair:1   | Noticed a black mamba
 10943 | Lair:1   | Killed a black mamba
 11511 | Lair:2   | Reached XP level 11. HP: 85/91 MP: 15/23
 11969 | Lair:2   | Found a shimmering altar of Xom.
 12385 | Lair:2   | Noticed an orange crystal statue
 12832 | Lair:3   | Found a staircase to the Shoals.
 12860 | Lair:2   | Learned a level 4 spell: Force Lance
 12864 | Lair:2   | Learned a level 3 spell: Dazzling Spray
 12990 | D:10     | Reached skill level 1 in Polearms
 13179 | D:10     | Reached skill level 1 in Translocations
 13465 | D:10     | Reached skill level 12 in Earth Magic
 13925 | D:10     | Noticed a frost giant
 13970 | D:10     | Killed from afar by a frost giant

Skill      XL: |  1  2  3  4  5  6  7  8  9 10 11 |
---------------+----------------------------------+-----
Fighting       | 1 2 3 4 5 6 7 |  7.2
Earth Magic    | 4 7 8 10 11 12 | 12.2
Spellcasting   | 3 4 5 8 9 |  9.0
Conjurations   | 1 2 5 7 8 9 |  9.1
Dodging        | 2 3 |  3.0
Transmutations | 3 |  3.1
Polearms       | 2 |  2.6
Translocations | 2 |  2.2
Stealth        | |  1.7

Action                   |  1- 3 |  4- 6 |  7- 9 | 10-12 || total
-------------------------+-------+-------+-------+-------++-------
Melee: Dagger            |    80 |   101 |       |       ||   181
       Unarmed           |     3 |       |       |       ||     3
       Tailslap          |    13 |     7 |    16 |     6 ||    42
       Quarterstaff      |       |    31 |   206 |    53 ||   290
       Demon trident     |       |       |       |    29 ||    29
 Cast: Sandblast         |     9 |    37 |    65 |    26 ||   137
       Stone Arrow       |       |    12 |    34 |    47 ||    93
       Passwall          |       |     3 |     4 |     1 ||     8
       Lee's Rapid Decon |       |     1 |    30 |    38 ||    69
       Petrify           |       |       |     7 |     9 ||    16
       Force Lance       |       |       |       |    13 ||    13
       Dazzling Spray    |       |       |       |     4 ||     4
Evoke: Wand              |       |       |       |     2 ||     2
  Use: Scroll            |       |     3 |     6 |     3 ||    12
       Potion            |       |     1 |       |     9 ||    10
 Stab: Sleeping          |     1 |     2 |     6 |       ||     9
       Petrifying        |       |     1 |       |       ||     1
       Petrified         |       |       |    13 |     8 ||    21
  Eat: Chunk             |     1 |    11 |    23 |    21 ||    56
       Ration            |       |       |     2 |     2 ||     4
Armor: Skin              |    28 |    56 |    89 |    41 ||   214
Dodge: Dodged            |    26 |   102 |   166 |   107 ||   401
